Map: Neon Violet Square LE

Players

Ogeid

  • Race: Protoss Protoss
  • Spawn Location: 5:00

Infamous - Winner!

  • Race: Protoss Protoss
  • League: Gold
  • Spawn Location: 11:00

VOD

Have the link to the VOD?

Description

Time

  • Played on: April 12, 2018, 11:57 a.m.
  • Length: 10:27
Show
View Real Time Build Order
Export as new Build Order

Ogeid Protoss 

Build Orders: Double Forge 

Get SALT Encoding   

  12  0:00  Probe  
  13  0:13  Probe  
  14  0:19  Pylon  
  14  0:25  Probe (Chrono Boost)  
  15  0:37  Probe (Chrono Boost)  
  15  0:42  Gateway  
  16  0:46  Probe (Chrono Boost)  
  17  0:50  Assimilator  
  17  0:51  Probe  
  18  0:57  Assimilator  
  18  1:03  Probe (Chrono Boost)  
  19  1:15  Probe (Chrono Boost)  
  19  1:17  Forge  
  20  1:25  Probe, Pylon  
  21  1:37  Probe  
  21  1:38  Cybernetics Core  
  22  1:53  Probe  
  23  1:59  Forge  
  23  2:05  Probe  
  24  2:17  Probe  
  25  2:27  Nexus  
  26  2:30  Probe  
  26  2:36  Stalker  
  28  2:42  Probe  
  29  2:46  Photon Cannon  
  29  2:52  Pylon  
  29  2:55  Probe  
  30  3:07  Probe  
  30  3:10  Stalker  
  33  3:18  Shield Battery  
  31  3:44  Probe (Chrono Boost)  
  32  3:53  Probe (Chrono Boost)  
  33  3:58  Probe (Chrono Boost)  
  33  3:59  Gateway  
  33  4:02  Gateway  
  34  4:03  Stalker  
  34  4:09  Pylon  
  36  4:11  Warp Gate (Chrono Boost)  
  36  4:16  Pylon  
  36  4:21  Probe  
  37  4:25  Assimilator  
  37  4:30  Assimilator  
  37  4:33  Adept  
  37  4:34  Probe  
  40  4:39  Photon Cannon  
  40  4:44  Photon Cannon  
  40  4:50  Stalker  
  40  4:52  Stalker  
  44  4:58  Probe (Chrono Boost)  
  45  5:00  Probe (Chrono Boost)  
  46  5:10  Probe (Chrono Boost)  
  46  5:11  Probe (Chrono Boost)  
  47  5:17  Protoss Ground Weapons Level 1  
  47  5:19  Probe  
  47  5:21  Probe  
  49  5:32  Robotics Facility  
  49  5:33  Probe  
  49  5:35  Photon Cannon  
  48  5:50  Probe (Chrono Boost)  
  49  5:59  Probe (Chrono Boost)  
  49  6:02  Gateway  
  50  6:07  Probe (Chrono Boost)  
  50  6:08  Probe (Chrono Boost)  
  52  6:16  Pylon  
  52  6:18  Probe (Chrono Boost)  
  54  6:20  Probe (Chrono Boost)  
  54  6:22  Observer  
  55  6:26  Nexus  
  55  6:28  Probe  
  56  6:33  Probe  
  56  6:36  Twilight Council  
  57  6:42  Pylon  
  57  6:43  Observer  
  57  6:45  Probe  
  57  6:46  Stalker, Sentry  
  63  6:48  Sentry  
  65  6:55  Gateway  
  65  6:57  Gateway  
  65  7:05  Stalker  
  67  7:11  Protoss Ground Armor Level 1  
  67  7:16  Pylon, Stalker x2  
  67  7:17  Stalker  
  67  7:21  Pylon  
  67  7:40  Stalker  
  67  7:41  Stalker x3  
  69  8:05  Stalker x2  
  69  8:06  Stalker  
  69  8:07  Stalker  
  60  8:24  Probe (Chrono Boost)  
  61  8:27  Immortal  
  61  8:33  Probe (Chrono Boost)  
  66  8:38  Probe (Chrono Boost)  
  67  8:46  Stalker x5  
  77  8:55  Pylon  
  77  8:57  Pylon  
  77  9:13  Immortal  
  81  9:17  Stalker  
  81  9:18  Stalker x3  
  81  9:19  Stalker  
  81  9:22  Stalker  
  77  10:03  Stalker x2  
  77  10:04  Stalker x3  
  77  10:05  Stalker  
Show
View Real Time Build Order
Export as new Build Order

Infamous Protoss - Winner!

Build Orders: Colossus Rush 

Get SALT Encoding   

  12  0:01  Probe  
  13  0:17  Pylon  
  13  0:18  Probe (Chrono Boost)  
  14  0:28  Probe (Chrono Boost)  
  15  0:33  Probe  
  16  0:39  Gateway  
  16  0:46  Probe  
  16  0:48  Assimilator  
  17  1:02  Probe (Chrono Boost)  
  18  1:14  Probe (Chrono Boost)  
  18  1:17  Gateway  
  19  1:18  Probe (Chrono Boost)  
  20  1:29  Probe  
  21  1:34  Cybernetics Core  
  21  1:41  Assimilator  
  21  1:43  Pylon  
  21  1:52  Probe  
  22  1:54  Pylon  
  22  2:04  Probe  
  23  2:13  Adept (Chrono Boost)  
  27  2:16  Probe  
  27  2:18  Warp Gate, Adept (Chrono Boost)  
  28  2:28  Probe  
  29  2:40  Probe  
  29  2:43  Robotics Facility  
  30  2:54  Probe  
  30  2:56  Stalker  
  33  2:58  Stalker  
  34  3:22  Probe  
  33  3:51  Probe  
  33  3:55  Stalker (Chrono Boost)  
  34  3:59  Stalker (Chrono Boost)  
  34  4:01  Nexus  
  36  4:05  Pylon  
  36  4:07  Observer (Chrono Boost)  
  36  4:09  Probe  
  38  4:20  Robotics Bay  
  38  4:33  Gateway  
  38  4:37  Probe  
  38  4:38  Immortal  
  43  4:51  Pylon  
  43  4:52  Forge  
  43  4:53  Sentry  
  43  4:54  Sentry  
  48  5:16  Probe (Chrono Boost)  
  48  5:17  Observer (Chrono Boost)  
  48  5:18  Probe (Chrono Boost)  
  50  5:29  Probe x2 (Chrono Boost)  
  50  5:35  Colossus (Chrono Boost)  
  57  5:50  Stalker  
  57  5:51  Stalker  
  57  5:52  Zealot  
  63  5:59  Probe x2  
  65  6:07  Shield Battery  
  65  6:10  Shield Battery  
  65  6:11  Probe x2  
  67  6:12  Photon Cannon, Protoss Ground Weapons Level 1  
  67  6:17  Pylon  
  67  6:22  Assimilator  
  67  6:24  Assimilator  
  67  6:37  Stalker x3  
  73  6:55  Probe x2  
  75  7:03  Zealot  
  75  7:07  Probe  
  78  7:12  Pylon  
  78  7:14  Pylon  
  78  7:17  Pylon  
  78  7:27  Colossus (Chrono Boost)  
  76  7:46  Stalker x3  
  82  7:55  Extended Thermal Lance (Chrono Boost)  
  82  8:01  Probe  
  82  8:03  Probe  
  84  8:09  Colossus (Chrono Boost)  
  86  8:20  Stalker  
  86  8:21  Stalker  
  90  9:00  Nexus  
  90  9:02  Stalker x2  
  94  9:03  Sentry  
  96  9:40  Zealot x2  
  96  9:41  Zealot  
  74  10:17  Stalker x3  
Tags
 
League
Gold
Matchup
PvP
Replay Pack
Last Remnant (2)
Spawn Locations
Cross Positions
Add a new tag
Caveats
  • Supply blocks, unpowered buildings, or Contaminate may cause inaccurate times.
  • Supply counts are checked every 10 seconds.